 Seeded DCSS version 0.28.0-53-g5a82cb258f (webtiles) character file.

Game seed: 10077074884737061911 (custom seed)

133 Sanktem7 the Sneak (level 4, -5/20 (21) HPs)
             Began as a Spriggan Enchanter on July 1, 2022.
             Slain by an ogre
             ... wielding a +0 giant club
              (25 damage)
             ... on level 4 of the Dungeon.
             The game lasted 00:18:21 (4275 turns).

Sanktem7 the Sneak (Spriggan Enchanter)             Turns: 4275, Time: 00:18:22

HP:   -5/20 (21)    AC:  4    Str:  4    XL:     4   Next: 94%
MP:   6/9           EV: 18    Int: 18    God:
Gold: 1816          SH:  0    Dex: 15    Spells: 3/8 levels left

rFire   + . .      SeeInvis +   a - +1 dagger {short}
rCold   x . .      Faith    .   (no shield)
rNeg    . . .      Spirit   .   b - +0 robe
rPois   .          Reflect  .   h - +2 hood of the Assassin {Detection Stab+ Stlth++}
rElec   .          Harm     .   (no cloak)
rCorr   .          Rampage  .   (gloves unavailable)
Will    .....                   (boots unavailable)
Stlth   ++++++....              (no amulet)
HPRegen 0.06/turn               j - ring of Day {Fire Stlth+}
MPRegen 0.11/turn               l - ring of flight

@: confusing by touch, flying, lightly drained, very quick
A: very small, no large weapons, unfitting armour, see invisible, speed 3
a: no special abilities


You were on level 4 of the Dungeon.
You visited 1 branch of the dungeon, and saw 4 of its levels.

You collected 1816 gold pieces.


Innate Abilities, Weirdness & Mutations

You are very small and have problems with some larger weapons.
You are too small for most types of armour.
You have supernaturally acute eyesight. (SInv)
You cover ground extremely quickly. (Speed+++)


   Skills:
 * Level 2.5 Short Blades
 + Level 3.9 Dodging
 * Level 6.5 Stealth
 - Level 2.6 Spellcasting
 - Level 4.4 Hexes


You had 3 spell levels left.
You knew the following spells:

 Your Spells              Type           Power      Damage    Failure   Level
a - Ensorcelled Hibernat  Hex/Ice        20%        N/A       11%         2
b - Confusing Touch       Hex            18%        N/A       9%          3

Your spell library contained the following spells:

 Spells                   Type           Power      Damage    Failure   Level
 Tukima's Dance           Hex            18%        N/A       9%          3
 Dazzling Flash           Conj/Hex       20%        N/A       21%         3
 Iskenderun's Mystic Bla  Conj/Tloc      2%         2d3       86%         4
 Starburst                Conj/Fire      1%         6d3       100%        6

Inventory:

Hand Weapons
 a - a +1 dagger (weapon) {short}
 s - a +0 dagger of draining {short}
   (You took it off a goblin on level 3 of the Dungeon)
Missiles
 d - 91 stones (quivered) {throwing}
 e - 37 arrows
 k - 34 sling bullets
Armour
 b - a +0 robe (worn)
 h - the +2 hood of the Assassin (worn) {Detection Stab+ Stlth++}
   (You acquired it on level 1 of the Dungeon)

   It allows the wearer to sense nearby creatures.
   It allows the wearer to make particularly effective stabbing attacks against
   helpless or unaware enemies with any weapon.
   Stlth:     It makes you much more stealthy.
Jewellery
 j - the ring of Day (left hand) {Fire Stlth+}
   (You acquired it on level 1 of the Dungeon)

   [ring of fire]

   It enhances your fire magic.
   rF:        It protects you from fire.
   rC:        It makes you vulnerable to cold.
   Stlth:     It makes you more stealthy.
 l - a ring of flight (right hand)
   (You found it on level 2 of the Dungeon)
Scrolls
 g - a scroll of magic mapping {unknown}
 q - a scroll of fear {unknown}
Potions
 c - a potion of invisibility
 f - a potion of brilliance {unknown}
 i - 2 potions of flight {unknown}
 m - a potion of attraction {unknown}
 n - a potion of heal wounds {unknown}
 o - a potion of cancellation {unknown}
 p - a potion of ambrosia {unknown}
 r - a potion of lignification {unknown}

Dungeon Overview and Level Annotations

Branches:
Dungeon (4/15)
 Temple: D:4-7

Altars:
Makhleb
Xom

#####
#..@#+######
#.#.O......# #
+........#
#........#
+........#
#####........#
.............#
.............#
.............#


You could see an ogre.


Message History

Aiming: Ensorcelled Hibernation (safe; 11% risk of failure)
Press: ? - help, Shift-Dir - straight line, f - giant cockroach
Aim: a giant cockroach (wandering, hasn't noticed you, chance to affect: 62%)
The giant cockroach looks drowsy... 😎 MP[-2]
You lost 2 mp, and now have 7/9 mp.
The helpless giant cockroach fails to defend itself.
You impale the giant cockroach!!
You kill the giant cockroach!
Done exploring. 😎 MP[+2]
Your mp is fully restored (9).
There is a stone staircase leading down here.
You fly downwards.
There is a stone staircase leading up here.
e - 37 arrows (gained 26)
A kobold comes into view. It is wielding a +0 dagger.
A kobold is nearby!
An ogre comes into view. It is wielding a +0 giant club.
The ogre shouts!
The kobold shouts!
Unknown command.
Casting: Ensorcelled Hibernation (safe; 11% risk of failure)
Confirm with . or Enter, or press ? or * to list all spells.
Aiming: Ensorcelled Hibernation (safe; 11% risk of failure)
Press: ? - help, Shift-Dir - straight line, f - kobold
Aim: a kobold, wielding a +0 dagger (chance to affect: 62%)
The kobold looks drowsy... 😎 MP[-2]
You lost 2 mp, and now have 7/9 mp.
The helpless kobold fails to defend itself.
You impale the kobold!!
You kill the kobold!
You now have 20 max hp (+1).
Casting: Ensorcelled Hibernation (safe; 11% risk of failure)
Confirm with . or Enter, or press ? or * to list all spells.
Aiming: Ensorcelled Hibernation (safe; 11% risk of failure)
Press: ? - help, Shift-Dir - straight line, f - ogre
Aim: an ogre, wielding a +0 giant club (chance to affect: 44%)
The ogre resists with some effort.
The ogre hits you with a +0 giant club!
Ouch! That really hurt!
* * * LOW HITPOINT WARNING * * *
😨 HP[-10] MP[-2]
You take 10 damage, and now have 9/20 hp.
MASSIVE DAMAGE!! (PAUSE)
You lost 2 mp, and now have 5/9 mp. 😨 HP[+1] 😨 MP[+1]
Casting: Ensorcelled Hibernation (safe; 11% risk of failure)
Confirm with . or Enter, or press ? or * to list all spells.
Aiming: Ensorcelled Hibernation (safe; 11% risk of failure)
Press: ? - help, Shift-Dir - straight line, f/p - ogre
Aim: an ogre, wielding a +0 giant club (chance to affect: 44%)
The ogre resists with some effort. 😨 MP[-2]
You lost 2 mp, and now have 4/9 mp.
Casting: Ensorcelled Hibernation (safe; 11% risk of failure)
Confirm with . or Enter, or press ? or * to list all spells.
Aiming: Ensorcelled Hibernation (safe; 11% risk of failure)
Press: ? - help, Shift-Dir - straight line, f/p - ogre
Aim: an ogre, wielding a +0 giant club (chance to affect: 44%)
The ogre resists with some effort. 😨 MP[-2]
You lost 2 mp, and now have 2/9 mp.
Casting: Ensorcelled Hibernation (safe; 11% risk of failure)
Confirm with . or Enter, or press ? or * to list all spells.
Aiming: Ensorcelled Hibernation (safe; 11% risk of failure)
Press: ? - help, Shift-Dir - straight line, f/p - ogre
Aim: an ogre, wielding a +0 giant club (chance to affect: 44%)
The ogre looks drowsy... 😨 MP[-2]
You lost 2 mp, and now have 0/9 mp.
The ogre shouts!
There is a stone staircase leading up here.
You fly upwards.
There is a stone staircase leading down here. 😨 MP[+1]
You start resting. 😮 HP[+5] MP[+8]
You regained 5 hp, and now have 15/20 hp.
Your mp is fully restored (9).
You start resting. 😎 HP[+5]
Your hp is fully restored (20).
You can't go up here!
This spell is quite dangerous to cast!
Memorise Confusing Touch, consuming 3 spell levels and leaving 3?
You start memorising the spell.
You continue memorising. x3
You finish memorising.
Spell assigned to 'b'.
You fly downwards.
The ogre closely misses you.
There is a stone staircase leading up here.
Casting: Ensorcelled Hibernation (safe; 11% risk of failure)
Confirm with . or Enter, or press ? or * to list all spells.
The spell is quite dangerous to miscast (9% risk of failure)!
Continue anyway?
Your hands begin to glow red.
The ogre misses you. 😎 MP[-3]
You lost 3 mp, and now have 6/9 mp.
You hit the ogre but do no damage.
The ogre hits you with a +0 giant club!!
Ouch! That really hurt!
You die...

Skill      XL: |  1  2  3 |
---------------+----------+-----
Dodging        | 3 |  3.9
Hexes          | 4 |  4.4
Stealth        | 5 6 |  6.5
Short Blades   | 2 |  2.5
Spellcasting   | |  2.6

Action                   |  1- 3 |  4- 6 || total
-------------------------+-------+-------++-------
Melee: Dagger            |   112 |    24 ||   136
       Punch             |     1 |       ||     1
 Cast: Ensorcelled Hiber |    34 |    19 ||    53
       Confusing Touch   |       |     1 ||     1
  Use: Scroll            |     4 |       ||     4
 Stab: Sleeping          |    36 |    16 ||    52
Armor: Robe              |     9 |     2 ||    11
Dodge: Dodged            |    79 |     9 ||    88

Levels and vault maps discovered:
D:1:      erik_arrival_blinker_ship, layout_basic
D:2:      layout_basic, basic_altar, basic_ecumenical_altar
D:3:      layout_basic, mainiacjoe_overflow_tiny_flanked
D:4:      layout_basic, mainiacjoe_overflow_surrounded_room, uniq_menkaure

Notes
Turn   | Place    | Note
-------+----------+-------------------------------------------
     0 | D:1      | Sanktem7 the Spriggan Enchanter began the quest for the
                  | Orb.
     0 | D:1      | Reached XP level 1. HP: 9/9 MP: 5/5
     0 | D:1      | magus.rc [v1.9.6]
   457 | D:1      | HP: 2/9 [kobold/+0 short sword (3)]
   487 | D:1      | HP: 1/9 [kobold/stone (1)]
   846 | D:1      | Reached XP level 2. HP: 11/13 MP: 6/6
  1044 | D:1      | Learned a level 2 spell: Ensorcelled Hibernation
  1075 | D:1      | Reached skill level 3 in Dodging
  1075 | D:1      | Reached skill level 4 in Hexes
  1115 | D:1      | Reached skill level 5 in Stealth
  1651 | D:1      | Identified 4 scrolls of acquirement
  1651 | D:1      | Acquired the ring of Day {Fire Stlth+}
  1654 | D:1      | Acquired 789 gold pieces
  1656 | D:1      | Acquired 929 gold pieces
  1658 | D:1      | Acquired the +2 hood of the Assassin {Detection Stab+
                  | Stlth++}
  1658 | D:1      | Found the +2 hood of the Assassin {Detection Stab+ Stlth++}
  1718 | D:1      | Reached XP level 3. HP: 11/16 MP: 5/8
  2489 | D:2      | Found a shimmering altar of Xom.
  2499 | D:2      | You pick up a book of Spectacle and begin reading...
  2499 | D:2      | You add the spells Iskenderun's Mystic Blast and Starburst
                  | to your library.
  2608 | D:2      | Found the +7 Kryia's mail coat {PotionHeal*2 rC+}
  2732 | D:2      | Found a faded altar of an unknown god.
  3229 | D:3      | Reached skill level 2 in Short Blades
  3229 | D:3      | Reached skill level 6 in Stealth
  3229 | D:3      | Reached XP level 4. HP: 8/21 MP: 0/9
  3844 | D:3      | Found a burning altar of Makhleb.
  4084 | D:4      | Noticed an ogre
  4272 | D:3      | Learned a level 3 spell: Confusing Touch
  4275 | D:4      | Slain by an ogre

Vanquished Creatures
  An iguana (D:3)
  3 adders
  3 dart slugs
  5 bats
  10 endoplasms
  4 giant cockroaches
  8 goblins
  5 hobgoblins
  3 jackals (D:1)
  8 kobolds
  A quokka (D:2)
  5 ball pythons
  3 frilled lizards (D:1)
  7 rats
66 creatures vanquished.

Table legend:
 A = Non-vault XP
 B = Vault XP
 C = Vault XP percentage of total XP
 D = Non-vault monster count
 E = Vault monster count
 F = Vault count percentage of total count
                 A         B        C        D         E       F
            +---------+---------+-------+---------+---------+-------
      Total |     191 |       0 |   0.0 |      66 |       0 |   0.0
            +---------+---------+-------+---------+---------+-------
        D:1 |      52 |       0 |   0.0 |      30 |       0 |   0.0
        D:2 |      42 |       0 |   0.0 |      17 |       0 |   0.0
        D:3 |      95 |       0 |   0.0 |      18 |       0 |   0.0
        D:4 |       2 |       0 |   0.0 |       1 |       0 |   0.0
            +---------+---------+-------+---------+---------+-------

Illustrated notes

Table legend:
 A = Kills in this place as a percentage of kills in entire the game.
 B = Kills by you in this place as a percentage of kills by you in the entire game.
 C = Kills by friends in this place as a percentage of kills by friends in the entire game.
 D = Other kills in this place as a percentage of other kills in the entire game.
 E = Experience gained in this place as a percentage of experience gained in the entire game.
 F = Experience gained in this place divided by the number of levels of this place that you have seen.
                   A       B       C       D       E      F
               +-------+-------+-------+-------+-------+----------------------
         Total | 100.0 | 100.0 |   N/A |   N/A | 100.0 |  47.8
       Dungeon | 100.0 | 100.0 |   N/A |   N/A | 100.0 |  47.8
               +-------+-------+-------+-------+-------+----------------------

Table legend: (Time is in decaauts)
 A = Elapsed time spent in this place.
 B = Non-inter-level travel time spent in this place.
 C = Inter-level travel time spent in this place.
 D = Time resting spent in this place.
 E = Time spent auto-exploring this place.
 F = Levels seen in this place.
 G = Mean time per level.
                   A        B        C        D        E       F      G
               +--------+--------+--------+--------+--------+-----+--------+
         Total |   3362 |   3254 |    108 |   1525 |    709 |   4 |  840.5 |
       Dungeon |   3362 |   3254 |    108 |   1525 |    709 |   4 |  840.5 |
               +--------+--------+--------+--------+--------+-----+--------+

Top non-repeatable levels by time:
     D:1: 1993 daAuts
     D:3: 859 daAuts
     D:2: 478 daAuts
     D:4: 31 daAuts
